 Dungeon Crawl Stone Soup version 0.28.0-43-g3370ac3207 (webtiles) character file.

Game seed: 5185815336645194928

110 pkoi the Firebug (level 4, -3/33 HPs)
             Began as a Draconian Fire Elementalist on Mar 4, 2022.
             Slain by an orc
             ... wielding a +0 morningstar
              (12 damage)
             ... on level 2 of the Dungeon.
             The game lasted 00:03:39 (2712 turns).

pkoi the Firebug (Draconian Fire Elementalist)      Turns: 2712, Time: 00:03:39

Health: -3/33      AC:  5    Str: 10    XL:     4   Next: 61%
Magic:  2/7        EV: 12    Int: 18    God:
Gold:   131        SH:  0    Dex: 11    Spells: 1/8 levels left

rFire   . . .      SeeInvis .   e - +1 falchion (flame)
rCold   . . .      Faith    .   (no shield)
rNeg    . . .      Spirit   .   (armour unavailable)
rPois   .          Reflect  .   (helmet restricted)
rElec   .          Harm     .   (no cloak)
rCorr   .          Rampage  .   (no gloves)
Will    .....                   (no boots)
Stlth   ++........              (no amulet)
HPRegen 0.11/turn               (no ring)
MPRegen 0.10/turn               (no ring)

@: no status effects
A: AC +5, unfitting armour, cold-blooded
a: no special abilities


You were on level 2 of the Dungeon.
You visited 1 branch of the dungeon, and saw 3 of its levels.

You collected 131 gold pieces.

Inventory:

Hand Weapons
 b - a +0 spear
 e - a +1 falchion of flaming (weapon)
Magical Staves
 d - a staff of earth
Scrolls
 c - 2 scrolls of identify {unknown}
 g - a scroll of enchant armour {unknown}
 h - a scroll of immolation {unknown}
Potions
 a - 3 potions of curing {unknown}
 f - a potion of might {unknown}


   Skills:
 - Level 1.7 Dodging
 - Level 1.7 Stealth
 + Level 2.6 Spellcasting
 * Level 2.8 Conjurations
 + Level 0.3 Hexes
 + Level 0.3 Translocations
 * Level 4.0 Fire Magic


You had one spell level left.
You knew the following spells:

 Your Spells              Type           Power      Damage    Failure   Level
a - Foxfire               Conj/Fire      56%        2x1d6     4%          1
b - Scorch                Fire           34%        2d7       4%          2
c - Apportation           Tloc           6%         N/A       16%         1
d - Inner Flame           Hex/Fire       10%        N/A       21%         3

Your spell library contained the following spells:

 Spells                   Type           Power      Damage    Failure   Level
 Conjure Flame            Conj/Fire      14%        6-21      12%         3
 Flame Wave               Conj/Fire      14%        2d6       38%         4
 Gell's Gravitas          Tloc           3%         N/A       41%         3
 Lesser Beckoning         Tloc           3%         N/A       41%         3
 Teleport Other           Tloc           3%         N/A       41%         3
 Alistair's Intoxication  Tmut/Pois      1%         N/A       99%         5


Dungeon Overview and Level Annotations

Branches:
Dungeon (3/15)

Altars:


Innate Abilities, Weirdness & Mutations

Your plain brown scales are hard. (AC +5)
You cannot fit into any form of body armour.
You are cold-blooded and may be slowed by cold attacks.


Message History

The orc is severely wounded.
The orc completely misses you. The orc hits you with a +0 club.
Unknown command.
You conjure some foxfire!
The foxfire hits the orc but does no damage.
The orc is heavily wounded.
The orc hits you with a +0 morningstar!
* * * LOW HITPOINT WARNING * * *
Unknown command.
You are too injured to fight recklessly!
Unknown command.
You are too injured to fight recklessly!
Unknown command.
Your foxfire dissipates!
The orc hits you but does no damage.
Unknown command.
The orc hits you with a +0 morningstar.
* * * LOW HITPOINT WARNING * * *
The orc hits you with a +0 morningstar.
* * * LOW HITPOINT WARNING * * *
You see here 15 stones.
There is an escape hatch in the ceiling here.
The orc hits you with a +0 morningstar.
* * * LOW HITPOINT WARNING * * *
A mysterious force pulls you upwards. The hatch slams shut behind you.
Unknown command.
Casting: Foxfire (safe; 4% risk of failure)
Press: ? - help, Q - select action, (/) - cycle Dir - look around, f - activate You conjure some foxfire!
The orc barely misses you.
Unknown command.
Casting: Foxfire (safe; 4% risk of failure)
Press: ? - help, Q - select action, (/) - cycle Dir - look around, f - activate You conjure some foxfire!
The foxfire hits the orc but does no damage.
The orc is heavily wounded.
The foxfire hits the orc.
The orc is severely wounded.
The orc hits you with a +0 morningstar!
You die...

###########
#...(#....######
#....#....##...#########
#....#....##...##......#
#.......ยง...............
#.....v@...............#
#.)..#v.o..............#
#....####.##...........#
###....##.##...#|.......
#....##.####..........
#....##.# ###.##.###.
#<...##.### ##....###.
#....##...# #..#....#.
#....####.###..#......


You could see an orc (ally target).

Vanquished Creatures
  An orc wizard (D:3)
  4 adders
  A worm (D:2)
  2 orcs (D:3)
  6 bats
  2 endoplasms (D:3)
  3 giant cockroaches (D:3)
  5 goblins
  5 hobgoblins
  2 jackals (D:3)
  A quokka (D:2)
  3 ball pythons
  2 frilled lizards
  2 kobolds
  3 rats
42 creatures vanquished.

Vanquished Creatures (others)
  152 foxfires
152 creatures vanquished.

Grand Total: 194 creatures vanquished

Notes
Turn   | Place    | Note
-------+----------+-------------------------------------------
     0 | D:1      | pkoi the Draconian Fire Elementalist began the quest for
                  | the Orb.
     0 | D:1      | Reached XP level 1. HP: 14/14 MP: 3/3
   851 | D:2      | Reached XP level 2. HP: 20/20 MP: 0/5
  1006 | D:2      | Learned a level 2 spell: Scorch
  1534 | D:2      | Reached XP level 3. HP: 26/26 MP: 1/6
  2261 | D:3      | Learned a level 1 spell: Apportation
  2346 | D:3      | Reached XP level 4. HP: 33/33 MP: 2/7
  2395 | D:3      | Learned a level 3 spell: Inner Flame
  2574 | D:3      | Reached skill level 4 in Fire Magic
  2712 | D:2      | Slain by an orc

Illustrated notes

Levels and vault maps discovered:
D:1:      mainiacjoe_arrival_reflecting_pool, layout_basic
D:2:      layout_rooms
D:3:      layout_rooms, minmay_misc_feat_hallway, minivault_19,
          minmay_misc_feat_enclosed

Skill      XL: |  1  2  3  4 |
---------------+-------------+-----
Conjurations   | 2 |  2.8
Fire Magic     | 4 |  4.0
Dodging        | |  1.7
Stealth        | |  1.7
Spellcasting   | |  2.6
Hexes          | |  0.3
Translocations | |  0.3

Action                   |  1- 3 |  4- 6 || total
-------------------------+-------+-------++-------
Melee: Spear             |     8 |       ||     8
       Falchion          |    12 |     4 ||    16
 Cast: Foxfire           |    68 |    20 ||    88
       Scorch            |     1 |       ||     1
Armor: Skin              |    11 |     4 ||    15
Dodge: Dodged            |    22 |     6 ||    28
